 Dungeon Crawl Stone Soup version 0.28-a0-1292-gb4563b27b3 (webtiles) character file.

Game seed: 3138307543001833521

20 Cheeritup the Grave Robber (level 2, 0/23 HPs)
             Began as a Ghoul Necromancer on Dec 27, 2021.
             Slain by a jackal (1 damage)
             ... on level 2 of the Dungeon.
             The game lasted 00:07:30 (1355 turns).

Cheeritup the Grave Robber (Ghoul Necromancer)      Turns: 1355, Time: 00:07:31

Health: 0/23       AC:  3    Str: 11    XL:     2   Next: 79%
Magic:  4/4        EV: 11    Int: 10    God:
Gold:   15         SH:  0    Dex:  9    Spells: 3/5 levels left

rFire   . . .      SeeInvis .   (no weapon)
rCold   + . .      Faith    .   (no shield)
rNeg    + + +      Spirit   .   i - +0 leather armour
rPois   ∞          Reflect  .   (no helmet)
rElec   .          Harm     .   (no cloak)
rCorr   .          Rampage  .   (no gloves)
Will    .....                   (no boots)
Stlth   ++........              (no amulet)
HPRegen 0.00/turn               (no ring)
MPRegen 0.09/turn               (no ring)

@: inhibited regen
A: claws 1, cold resistance 1, negative energy resistance 3, inhibited
regeneration, torment resistance 2
a: no special abilities


You were on level 2 of the Dungeon.
You visited 1 branch of the dungeon, and saw 2 of its levels.

You collected 15 gold pieces.

Inventory:

Missiles
 d - 2 throwing nets
 e - 4 curare-tipped darts
 g - 14 poisoned darts
Armour
 a - a +0 robe
 f - a +0 buckler
 i - a +0 leather armour (worn)
Scrolls
 b - a scroll of identify
Potions
 c - 2 potions of magic
 h - a potion of haste {unknown}


   Skills:
 + Level 1.0 Fighting
 - Level 1.8 Dodging
 - Level 2.2 Stealth
 + Level 0.0 Shields
 + Level 0.9 Unarmed Combat
 + Level 2.0 Spellcasting
 + Level 4.2 Necromancy


You had 3 spell levels left.
You knew the following spells:

 Your Spells              Type           Power      Damage    Failure   Level
a - Pain                  Necr           36%        1d5       8%          1
b - Animate Skeleton      Necr           18%        N/A       8%          1

Your spell library contained the following spells:

 Spells                   Type           Power      Damage    Failure   Level
 Vampiric Draining        Necr           9%         2d6       22%         3
 Sting                    Tmut/Pois      4%         1d3       38%         1
 Poisonous Vapours        Pois/Air       2%         N/A       52%         2
 Animate Dead             Necr           4%         N/A       58%         4
 Agony                    Necr           9%         N/A       90%         5
 Olgreb's Toxic Radiance  Pois           1%         N/A       99%         4


Dungeon Overview and Level Annotations

Branches:
Dungeon (2/15)

Altars:

Shops:
D:1 =:?


Innate Abilities, Weirdness & Mutations

You thrive by killing the living.
You are immune to poison.
You have sharp fingernails.
Your flesh is cold resistant. (rC+)
You are immune to negative energy. (rN+++)
You do not regenerate when monsters are visible.
You are immune to unholy pain and torment.


Message History

A jackal comes into view.
The jackal bites you but does no damage.
The jackal bites you.
The jackal barks!
The jackal bites you but does no damage.
The jackal barely misses you. The jackal bites you. The jackal misses you.
The jackal bites you. The jackal barely misses you. The jackal bites you.
The jackal barely misses you.
You scratch the jackal but do no damage.
The jackal bites you. The jackal misses you. The jackal bites you.
The jackal closely misses you. The jackal barely misses you.
You closely miss the jackal. The jackal bites you.
The jackal closely misses you.
The jackal bites you but does no damage. x2
You scratch the jackal.
The jackal is moderately wounded.
The jackal misses you. The jackal barely misses you. x2
The jackal misses you.
You closely miss the jackal.
The jackal is moderately wounded.
The jackal bites you but does no damage.
The jackal bites you. x2
* * * LOW HITPOINT WARNING * * *
The jackal bites you.
* * * LOW HITPOINT WARNING * * *
The jackal barely misses you.
You closely miss the jackal.
The jackal is moderately wounded.
The jackal barely misses you.
The jackal bites you but does no damage.
The jackal bites you.
* * * LOW HITPOINT WARNING * * *
You barely miss the jackal.
The jackal is moderately wounded.
The jackal bites you but does no damage.
The jackal barely misses you. The jackal closely misses you.
The jackal bites you.
You die...

###################
#..............h@h#
#.##############h##
........# #h#
#.#####.## #.#
#.##.....# #.#
#.##.....# #.#
.........# #.#
........## ###.#
........######.#


You could see 4 jackals.

Vanquished Creatures
  3 ball pythons
  2 endoplasms
  A giant cockroach (D:1)
  2 goblins (D:1)
  A hobgoblin (D:1)
  3 jackals (D:1)
  A quokka (D:1)
  5 rats
18 creatures vanquished.

Notes
Turn   | Place    | Note
-------+----------+-------------------------------------------
     0 | D:1      | Cheeritup the Ghoul Necromancer began the quest for the
                  | Orb.
     0 | D:1      | Reached XP level 1. HP: 14/14 MP: 2/2
     4 | D:1      | Learned a level 1 spell: Animate Skeleton
   160 | D:1      | Reached XP level 2. HP: 16/22 MP: 3/3
   245 | D:1      | Found Woz Cips's Jewellery Emporium.
   276 | D:1      | Found Votycia's Book Shoppe.
   788 | D:1      | Found Ynked's Magic Scroll Shop.
   889 | D:1      | Found a faded altar of an unknown god.
   930 | D:1      | Reached skill level 1 in Fighting
  1354 | D:2      | HP: 1/23 [jackal (2)]
  1355 | D:2      | Slain by a jackal

Illustrated notes

Levels and vault maps discovered:
D:1:      eino_arrival_cavern_a, layout_basic,
          shapermc_ecumenical_altar_notcrosses, serial_shops, shop,
          nicolae_square_shop, shop
D:2:      layout_basic, serial_bayou_lagoon_a

Skill      XL: |  1  2 |
---------------+-------+-----
Spellcasting   | 2 |  2.0
Fighting       | 1 |  1.0
Dodging        | |  1.8
Stealth        | |  2.2
Unarmed Combat | |  0.9
Necromancy     | |  4.2

Action                   || total
-------------------------++-------
Melee: Unarmed           ||    76
  Use: Scroll            ||     1
 Stab: Sleeping          ||     2
Armor: Robe              ||    17
       Leather armour    ||     7
Dodge: Dodged            ||    52

Table legend: (Time is in decaauts)
 A = Elapsed time spent in this place.
 B = Non-inter-level travel time spent in this place.
 C = Inter-level travel time spent in this place.
 D = Time resting spent in this place.
 E = Time spent auto-exploring this place.
 F = Levels seen in this place.
 G = Mean time per level.
                   A        B        C        D        E       F      G
               +--------+--------+--------+--------+--------+-----+--------+
         Total |   1357 |   1323 |     34 |      0 |    866 |   2 |  678.5 |
       Dungeon |   1357 |   1323 |     34 |      0 |    866 |   2 |  678.5 |
               +--------+--------+--------+--------+--------+-----+--------+

Top non-repeatable levels by time:
     D:1: 1229 daAuts
     D:2: 127 daAuts
